 Dungeon Crawl Stone Soup version 0.30-a0-777-ga9a30cbeda (console) character file.

Game seed: 8083979795351552982

39 rlgrobin the Chopper (level 3, -1/31 HPs)
             Began as a Meteoran Fighter on Feb 15, 2023.
             Slain by an iguana (12 damage)
             ... on level 4 of the Dungeon.
             The game lasted 00:01:20 (234 turns).

rlgrobin the Chopper (Meteoran Fighter)              Turns: 234, Time: 00:01:21

Health: -1/31      AC:  8    Str: 19    XL:     3   Next: 97%
Magic:  13/13      EV:  9    Int: 10    God:
Gold:   2          SH:  5    Dex: 13    Spells: 2/2 levels left

rFire   . . .      SeeInvis .    a - +0 war axe
rCold   . . .      Faith    .    c - +0 buckler
rNeg    . . .      Spirit   .    b - +0 scale mail
rPois   .          Reflect  .    e - +0 helmet
rElec   .          Harm     .    (no cloak)
rCorr   .          Rampage  .    (no gloves)
Will    .....                    (no boots) Stlth
                                 (no amulet)
HPRegen 0.25/turn                i - ring of magical power
MPRegen 0.13/turn                (no ring)

@: glowing
A: sense surroundings 1, otherworldly, glowing, explore regen
a: no special abilities


You were on level 4 of the Dungeon.
You visited 1 branch of the dungeon, and saw 4 of its levels.

You collected 38 gold pieces.
You spent 36 gold pieces at shops.

Inventory:

Hand Weapons
 a - a +0 war axe (weapon)
Missiles
 g - 4 poisoned darts (quivered)
Armour
 b - a +0 scale mail (worn)
 c - a +0 buckler (worn)
 e - a +0 helmet (worn)
Jewellery
 i - a ring of magical power (left hand)
Scrolls
 f - a scroll of fear {unknown}
Potions
 d - a potion of might
 h - a potion of curing
 j - a potion of invisibility {unknown}


   Skills:
 - Level 3.2 Fighting
 + Level 4.6 Axes
 - Level 3.6 Armour
 - Level 3.6 Shields


You had 2 spell levels left.
You didn't know any spells.
Your spell library was empty.

Dungeon Overview and Level Annotations

Branches:
Dungeon (4/15) Zot: 2142
 Temple: D:4-7

Altars:

Shops:
D:3 !


Innate Abilities, Weirdness & Mutations

You passively map a small area around you.
You are easily found by Zot.
You glow in the dark.
You regain HP and MP as you explore.


Message History

The jackal is severely wounded.
You hit the iguana.
The jackal bites you but does no damage.
The iguana closely misses you.
You barely miss the jackal.
The jackal is severely wounded.
You completely miss the iguana. You block the jackal's attack. x2
You block the iguana's attack.
You barely miss the jackal.
The jackal is severely wounded.
You hit the iguana. The jackal barely misses you. The iguana bites you!
The jackal bites you but does no damage.
You block the iguana's attack.
Press: ? - help, v - describe, . - travel
Here: an iguana (heavily wounded)
The floor, spattered with blood.
You closely miss the iguana.
The iguana is heavily wounded.
You hit the jackal.
The jackal bites you but does no damage.
The iguana barely misses you. The jackal barely misses you.
You slash the iguana!
The iguana is almost dead.
You closely miss the jackal. The jackal bites you.
The iguana closely misses you. The jackal bites you.
You hit the iguana but do no damage.
The iguana is almost dead.
You hit the jackal.
You kill the jackal!
You block the iguana's attack. The iguana barely misses you.
You barely miss the iguana.
The iguana is almost dead.
The iguana bites you.
You barely miss the iguana.
The iguana is almost dead.
The iguana bites you but does no damage.
You closely miss the iguana.
The iguana is almost dead.
The iguana bites you!
You die...

~ , * , #### * *
** #..###### * *
* #.......# , *
,* #.<.....# #.
#......## , *
##..#*###......#
*
......#.l@###..#
*,,* * #......##
*#..#* ,
#......# #... *
##.....# #.. *
#..##... *#. *
#.# #...# ,* #..
##..# , ,, * *
#. * ##.. ** * #
... ,


You could see an iguana.

Vanquished Creatures
  Robin (D:2)
  2 endoplasms
  4 giant cockroaches (D:2)
  10 goblins (D:2)
  3 hobgoblins (D:2)
  2 jackals (D:4)
  A rat (D:3)
23 creatures vanquished.

Notes
Turn   | Place    | Note
-------+----------+-------------------------------------------
     0 | D:1      | rlgrobin the Meteoran Fighter began the quest for the Orb.
     0 | D:1      | Reached XP level 1. HP: 19/19 MP: 2/2
    45 | D:2      | Reached skill level 3 in Axes
    45 | D:2      | Reached XP level 2. HP: 26/26 MP: 3/3
    69 | D:2      | Noticed Robin
    74 | D:2      | Reached XP level 3. HP: 28/31 MP: 4/4
    79 | D:2      | Reached skill level 4 in Axes
    86 | D:2      | Killed Robin
   170 | D:3      | Found Goles's Distillery.
   178 | D:3      | Bought a potion of curing for 36 gold pieces
   234 | D:4      | Slain by an iguana

Illustrated notes

Levels and vault maps discovered:
D:1:      scummos_arrival_checkerplants, layout_basic
D:2:      layout_basic, minmay_worlds_worst_comb, uniq_robin
D:3:      layout_loops_ring, serial_shops, nicolae_shop_crystal, uniq_terence
D:4:      layout_layer_cave, general_overflow_altar,
          nicolae_hepliaklqana_monster_ancestors

Skill      XL: |  1  2  3 |
---------------+----------+-----
Axes           | 3 4 |  4.6
Fighting       | |  3.2
Armour         | |  3.6
Shields        | |  3.6

Action                     || total
---------------------------++-------
  Melee: War axe           ||    68
 Armour: Scale mail        ||    45
  Dodge: Dodged            ||    29
  Block: Buckler           ||    22

Table legend: (Time is in decaauts)
 A = Elapsed time spent in this place.
 B = Non-inter-level travel time spent in this place.
 C = Inter-level travel time spent in this place.
 D = Time resting spent in this place.
 E = Time spent auto-exploring this place.
 F = Levels seen in this place.
 G = Mean time per level.
                   A        B        C        D        E       F      G
               +--------+--------+--------+--------+--------+-----+--------+
         Total |    255 |    255 |      0 |      0 |      0 |   4 |   63.8 |
       Dungeon |    255 |    255 |      0 |      0 |      0 |   4 |   63.8 |
               +--------+--------+--------+--------+--------+-----+--------+

Top non-repeatable levels by time:
     D:2: 142 daAuts
     D:3: 70 daAuts
     D:4: 31 daAuts
     D:1: 11 daAuts
